Map: Romanticide LE

Players

Garrett

  • Race: Zerg Zerg
  • League: Platinum

ViBE - Winner!

  • Race: Zerg Zerg
  • League: Platinum

VOD

Have the link to the VOD?

Description

Time

  • Played on: April 6, 2021, 5:51 p.m.
  • Length: 13:40
Show
View Real Time Build Order
Export as new Build Order

Garrett Zerg 

Build Orders: Hatch First, Muta Ling Bane 

Get SALT Encoding   

  12  0:00  Drone  
  13  0:12  Overlord  
  13  0:18  Drone  
  14  0:32  Drone x2  
  16  0:40  Drone  
  17  0:54  Hatchery  
  17  0:55  Drone  
  17  1:00  Drone  
  18  1:08  Extractor  
  17  1:14  Spawning Pool  
  17  1:16  Drone  
  17  1:20  Drone  
  18  1:28  Drone  
  19  1:39  Drone  
  20  1:50  Drone  
  21  2:02  Overlord  
  21  2:05  Queen  
  21  2:07  Queen  
  25  2:08  Zergling x2  
  25  2:15  Drone  
  27  2:24  Drone  
  27  2:25  Drone  
  29  2:30  Drone  
  29  2:33  Metabolic Boost  
  30  2:38  Drone  
  30  2:40  Drone  
  32  2:46  Queen x2  
  36  2:53  Overlord  
  36  2:57  Evolution Chamber  
  35  3:03  Drone  
  36  3:08  Overlord  
  36  3:11  Drone x3  
  39  3:15  Drone x3  
  42  3:41  Extractor  
  42  3:43  Drone  
  42  3:44  Drone x4  
  46  3:48  Extractor  
  46  3:54  Hatchery  
  44  3:58  Lair  
  44  4:11  Overlord  
  44  4:12  Overlord  
  44  4:25  Extractor  
  44  4:27  Drone  
  44  4:29  Overlord x2  
  44  4:48  Drone x2  
  46  4:56  Spire  
  46  4:57  Zerg Ground Armor Level 1  
  45  5:17  Drone x3  
  45  5:20  Drone x7  
  45  5:21  Drone x2  
  57  5:23  Spine Crawler, Zergling x2  
  57  5:24  Zergling x6  
  60  5:29  Drone x3  
  63  5:37  Overlord x2  
  63  5:40  Extractor  
  62  6:05  Drone  
  62  6:06  Drone x4  
  62  6:07  Overlord x2  
  67  6:15  Mutalisk  
  67  6:16  Mutalisk x6  
  81  6:21  Mutalisk, Zerg Flyer Weapons Level 1  
  81  6:22  Mutalisk  
  85  6:36  Extractor  
  85  6:38  Drone x3  
  87  6:41  Drone x3  
  90  6:48  Spine Crawler  
  90  6:51  Spine Crawler  
  88  7:05  Zerg Melee Weapons Level 1  
  88  7:06  Zergling x18  
  97  7:26  Baneling Nest  
  94  7:58  Zergling x16  
  93  7:59  Zergling x12  
  102  8:45  Mutalisk  
  102  8:46  Mutalisk x5  
  90  9:06  Centrifical Hooks  
  90  9:07  Zerg Flyer Weapons Level 2  
  90  9:08  Mutalisk  
  90  9:09  Mutalisk x5  
  102  9:24  Drone  
  102  9:25  Hatchery  
  102  9:29  Zergling x2  
  102  9:30  Zergling x22  
  114  9:36  Overseer  
  114  9:40  Pneumatized Carapace  
  114  9:42  Overlord x4  
  114  9:43  Overlord x4  
  86  10:34  Zergling x2  
  86  10:35  Zergling x34  
  94  10:48  Zerg Ground Armor Level 2  
  94  10:50  Hatchery  
  94  10:55  Baneling x13  
  94  10:56  Baneling x17  
  93  11:07  Extractor, Drone x3  
  93  11:09  Mutalisk  
  93  11:10  Mutalisk x13  
  110  11:28  Mutalisk  
  110  11:29  Zergling x14  
  112  11:39  Mutalisk x3  
  102  11:51  Mutalisk  
  102  11:52  Mutalisk x5  
  106  12:10  Drone  
  106  12:13  Hatchery  
  106  12:16  Hatchery  
  101  12:38  Zergling x2  
  101  12:39  Zergling x10  
  106  12:54  Zergling x4  
  98  12:59  Baneling  
  98  13:00  Baneling x5  
  98  13:04  Baneling x4  
  98  13:05  Baneling x2  
Show
View Real Time Build Order
Export as new Build Order

ViBE Zerg - Winner!

Build Orders: Hatch First, Roach Hydra 

Get SALT Encoding   

  12  0:00  Drone  
  13  0:12  Overlord  
  13  0:21  Drone  
  14  0:32  Drone x2  
  16  0:48  Hatchery  
  15  0:53  Drone  
  15  0:56  Drone  
  17  1:04  Drone  
  18  1:14  Spawning Pool  
  18  1:17  Drone  
  18  1:23  Drone  
  19  1:29  Drone  
  20  1:34  Extractor  
  19  1:51  Drone  
  20  2:02  Queen x2  
  20  2:07  Drone x3  
  27  2:13  Drone  
  28  2:23  Overlord  
  28  2:26  Overlord  
  28  2:40  Lair  
  28  2:41  Queen  
  28  2:42  Drone x3  
  33  2:48  Drone x2  
  35  2:54  Overlord  
  35  2:57  Drone  
  36  3:05  Drone x2  
  38  3:11  Overlord  
  38  3:14  Drone x5  
  43  3:21  Roach Warren  
  43  3:22  Evolution Chamber  
  43  3:25  Drone x2  
  43  3:30  Drone x2  
  45  3:35  Extractor x2  
  43  3:49  Drone  
  43  3:50  Drone x4  
  43  3:52  Hatchery  
  43  3:54  Zerg Missile Weapons Level 1  
  47  4:04  Glial Reconstitution, Roach  
  47  4:08  Drone  
  50  4:10  Evolution Chamber  
  50  4:12  Overlord  
  49  4:19  Roach x4  
  49  4:24  Roach  
  59  4:27  Overlord x2  
  59  4:37  Queen  
  61  4:43  Roach x2  
  66  4:45  Drone x3  
  66  4:46  Drone  
  69  4:57  Overlord  
  69  5:02  Drone  
  69  5:03  Drone x6  
  76  5:11  Drone  
  77  5:17  Hydralisk Den  
  76  5:21  Drone  
  76  5:22  Drone x2  
  76  5:23  Extractor  
  79  5:28  Drone x3  
  81  5:40  Drone x5  
  81  5:41  Drone x5  
  91  5:44  Extractor x2  
  91  5:47  Overlord x2  
  91  5:49  Grooved Spines  
  89  5:50  Zerg Missile Weapons Level 2  
  89  5:51  Zerg Ground Armor Level 1  
  89  6:01  Drone  
  89  6:03  Overlord x3  
  90  6:04  Overlord  
  90  6:05  Hatchery  
  89  6:13  Hydralisk x4  
  97  6:34  Drone  
  97  6:35  Hydralisk x2  
  97  6:36  Hydralisk x3  
  97  6:37  Hydralisk  
  97  6:39  Overlord x3  
  110  6:54  Hydralisk  
  110  6:55  Hydralisk x3  
  110  6:56  Hydralisk  
  110  7:00  Muscular Augments  
  120  7:03  Drone  
  120  7:04  Drone x10  
  131  7:10  Spore Crawler  
  131  7:11  Spore Crawler  
  131  7:12  Spore Crawler  
  131  7:13  Spore Crawler x2  
  131  7:15  Spore Crawler  
  125  7:25  Spore Crawler  
  125  7:27  Spore Crawler  
  123  7:34  Drone x2  
  123  7:36  Drone x2  
  127  7:39  Infestation Pit  
  122  7:48  Drone x5  
  122  7:49  Drone  
  128  7:53  Queen  
  128  7:56  Hydralisk x7  
  142  8:01  Extractor  
  142  8:03  Extractor  
  138  8:12  Hatchery  
  137  8:13  Drone x7  
  137  8:14  Overlord x3  
  144  8:31  Overlord x8  
  144  8:55  Drone x5  
  144  8:56  Drone x2  
  144  8:57  Drone x3  
  144  8:58  Drone x3  
  144  9:02  Zerg Ground Armor Level 2  
  154  9:04  Hive  
  154  9:08  Roach x8  
  170  9:18  Overseer  
  170  9:19  Overseer  
  170  9:22  Hydralisk x8  
  186  9:32  Queen  
  186  9:34  Hydralisk x4  
  186  9:37  Spore Crawler  
  186  9:38  Spore Crawler  
  194  9:42  Overlord x3  
  193  10:01  Queen  
  193  10:05  Extractor  
  193  10:06  Drone x3  
  194  10:17  Spine Crawler  
  194  10:18  Spine Crawler  
  194  10:20  Spine Crawler x3  
  189  10:22  Spine Crawler  
  189  10:23  Spine Crawler  
  189  10:24  Spine Crawler  
  189  10:25  Spine Crawler  
  189  10:27  Drone x4  
  189  10:28  Drone x8  
  195  10:29  Spine Crawler  
  195  10:31  Unknown  
  187  10:45  Hatchery  
  187  10:47  Hydralisk x7  
  200  10:52  Zerg Missile Weapons Level 3  
  150  11:35  Roach  
  150  11:36  Roach x14, Hydralisk x5  
  150  11:37  Hydralisk x7  
  150  11:39  Hydralisk x2  
  188  11:51  Lurker Den  
  165  12:07  Drone x2  
  165  12:08  Drone x3  
  170  12:10  Spine Crawler, Spore Crawler x2  
  170  12:11  Spine Crawler  
  166  12:17  Hydralisk  
  166  12:18  Hydralisk x16  
  193  12:53  Hatchery, Drone x3  
  193  12:54  Drone  
  193  12:55  Spore Crawler, Drone x2  
  193  12:56  Drone x3  
  189  13:04  Hydralisk Den  
  170  13:07  Overlord  
  170  13:08  Overlord x6  
  162  13:14  Overlord x3  
  162  13:18  Spore Crawler  
  152  13:21  Spore Crawler  
  152  13:23  Spine Crawler  
  152  13:24  Drone x11  
  152  13:25  Spine Crawler  
  152  13:26  Drone  
  150  13:27  Drone x2  
Tags
 
Add a new tag
Caveats
  • Supply blocks, unpowered buildings, or Contaminate may cause inaccurate times.
  • Supply counts are checked every 10 seconds.